 Dungeon Crawl Stone Soup version 0.31-a0-595-g4209ae197b (webtiles) character file.

Game seed: 14698834621925987771

532 AdnanSaban the Cudgeller (level 7, -8/44 HPs)
             Began as a Gargoyle Fighter on Aug 20, 2023.
             Killed by divine providence
             ... invoked by an orc priest
              (9 damage)
             ... on level 5 of the Dungeon.
             The game lasted 00:02:33 (2678 turns).

AdnanSaban the Cudgeller (Gargoyle Fighter)         Turns: 2678, Time: 00:02:34

Health: -8/44      AC: 14    Str: 21    XL:     7   Next: 24%
Magic:  7/7        EV:  8    Int:  9    God:
Gold:   183        SH:  4    Dex:  9    Spells: 6/6 levels left

rFire   . . .        a - +0 flail
rCold   . . .        c - +0 buckler
rNeg    + . .        v - +0 chain mail
rPois   ∞            (no helmet)
rElec   +            (no cloak)
rCorr   .            (no gloves)
SInv    +            (no boots)
Will    .....        (no amulet) Stlth
                     n - ring of see invisible
HPRegen 0.27/turn    (no ring)
MPRegen 0.10/turn

%: no passive effects
@: no status effects
A: sickness immunity, AC +4, negative energy resistance 1, electricity
resistance, torment resistance 1, petrification resistance
a: no special abilities


You were on level 5 of the Dungeon.
You visited 1 branch of the dungeon, and saw 5 of its levels.

You collected 183 gold pieces.

Inventory:

Hand Weapons
 a - a +0 flail (weapon)
Missiles
 b - 6 poisoned darts
 r - 3 boomerangs
 t - 3 atropa-tipped darts
Armour
 c - a +0 buckler (worn)
 v - a +0 chain mail (worn)
Jewellery
 n - a ring of see invisible (left hand)
Scrolls
 e - 3 scrolls of fog {unknown}
 f - 9 scrolls of identify {unknown}
 j - a scroll of fear {unknown}
 k - a scroll of teleportation {unknown}
 m - a scroll of blinking {unknown}
 o - a scroll of vulnerability {unknown}
 q - a scroll of poison {unknown}
 s - 2 scrolls of noise {unknown}
Potions
 d - a potion of might
 g - a potion of attraction {unknown}
 h - 2 potions of cancellation {unknown}
 i - a potion of heal wounds {unknown}
 l - 2 potions of degeneration {unknown}
 p - a potion of haste {unknown}
 u - a potion of mutation {unknown}
 w - a potion of curing {unknown}
 x - a potion of lignification {unknown}


   Skills:
 + Level 4.5 Fighting
 + Level 5.1 Maces & Flails
 + Level 4.8 Armour
 + Level 1.7 Dodging
 + Level 0.2 Stealth
 + Level 4.3 Shields


You had 6 spell levels left.
You didn't know any spells.
Your spell library contained the following spells:

 Spells                   Type           Power      Damage    Failure   Level
 Hailstorm                Conj/Ice       0%         3d3       100%        3
 Vhi's Electric Charge    Tloc/Air       0%         N/A       100%        3
 Summon Ice Beast         Ice/Summ       0%         N/A       100%        4
 Arcjolt                  Conj/Air       0%         1d10      100%        5
 Summon Forest            Summ/Tloc      0%         N/A       100%        5
 Eringya's Noxious Bog    Tmut/Pois      0%         4d6       100%        6
 Plasma Beam              Fire/Air       0%         2x1d10    100%        6
 Simulacrum               Ice/Necr       0%         N/A       100%        6
 Summon Hydra             Summ           0%         N/A       100%        7


Dungeon Overview and Level Annotations

Branches:
Dungeon (5/15)
 Temple: D:4-7

Altars:

Annotations:
D:4 Eustachio


Innate Abilities, Weirdness & Mutations

You are immune to sickness and miasma.
Your stone body is resilient. (AC +4)
You are immune to poison.
You resist negative energy. (rN+)
You are resistant to electric shocks. (rElec)
You are resistant to unholy torment.
You are immune to petrification.


Message History

The orc closely misses you.
You barely miss the orc wizard.
The orc wizard is severely wounded.
The orc wizard hits you but does no damage.
The orc priest hits you with a +0 hand axe.
The orc barely misses you. The orc hits you but does no damage.
The orc wizard hits you with a +0 dagger.
The orc priest hits you but does no damage.
The orc barely misses you. The orc closely misses you.
You sock the orc wizard!
You kill the orc wizard!
The orc hits you with a +0 flail. The orc hits you but does no damage.
You block the orc priest's attack.
You hit the orc priest but do no damage.
The orc hits you but does no damage. The orc hits you with a +0 falchion.
The orc priest hits you but does no damage.
You closely miss the orc priest. The orc barely misses you.
The orc priest hits you but does no damage.
The orc hits you but does no damage.
You closely miss the orc priest. The orc closely misses you.
The orc barely misses you.
The orc priest mumbles some strange prayers to Beogh against you.
Beogh smites you!
* * * LOW HITPOINT WARNING * * *
You hit the orc priest.
The orc priest is lightly wounded.
The orc closely misses you. The orc priest completely misses you.
The orc hits you with a +0 falchion.
* * * LOW HITPOINT WARNING * * *
You closely miss the orc priest.
The orc priest is lightly wounded.
The orc hits you but does no damage. The orc priest barely misses you.
The orc closely misses you.
You sock the orc priest!
The orc priest is severely wounded.
The orc barely misses you. The orc hits you with a +0 falchion.
* * * LOW HITPOINT WARNING * * *
The orc priest calls down the wrath of Beogh upon you.
Beogh smites you!
You die...

............
...........#
............
...........#
...........
..........#
.......ooo#
.......)@.#
........!##
..##...##
##.....##
#..†....#
##.......##
#.........#
##.........#
#.......#####


You could see an orc priest and 2 orcs.

Vanquished Creatures
  A water moccasin (D:5)
  A centaur (D:3)
  A scorpion (D:5)
  A howler monkey (D:3)
  An iguana (D:5)
  Jessica (D:3)
  An orc wizard (D:5)
  6 adders
  A shadow imp (D:4)
  An ufetubus (D:5)
  3 worms
  A dart slug (D:4)
  6 orcs
  5 ball pythons
  3 endoplasms
  2 giant cockroaches
  10 goblins
  5 hobgoblins
  5 jackals
  4 quokkas
  6 bats
  3 frilled lizards (D:1)
  9 kobolds
  12 rats
89 creatures vanquished.

Notes
Turn   | Place    | Note
-------+----------+-------------------------------------------
     0 | D:1      | AdnanSaban the Gargoyle Fighter began the quest for the
                  | Orb.
     0 | D:1      | Reached XP level 1. HP: 14/14 MP: 1/1
   152 | D:1      | Reached XP level 2. HP: 19/19 MP: 2/2
   327 | D:1      | Reached XP level 3. HP: 22/24 MP: 3/3
   417 | D:1      | Found a faded altar of an unknown god.
   931 | D:2      | Reached XP level 4. HP: 29/29 MP: 4/4
   952 | D:2      | Reached skill level 3 in Maces & Flails
  1596 | D:3      | Reached XP level 5. HP: 31/33 MP: 5/5
  1604 | D:3      | Noticed Jessica
  1610 | D:3      | Killed Jessica
  1667 | D:3      | Noticed a centaur
  1680 | D:3      | Killed a centaur
  1681 | D:3      | Reached skill level 4 in Maces & Flails
  1681 | D:3      | Reached skill level 1 in Dodging
  1681 | D:3      | Reached XP level 6. HP: 29/38 MP: 6/6
  2192 | D:4      | Noticed Eustachio
  2381 | D:5      | Entered Level 5 of the Dungeon
  2421 | D:5      | Noticed a water moccasin
  2440 | D:5      | Killed a water moccasin
  2451 | D:5      | Reached XP level 7. HP: 18/44 MP: 7/7
  2598 | D:5      | Reached skill level 5 in Maces & Flails
  2678 | D:5      | HP: 1/44 [orc/+0 falchion (6)]
  2678 | D:5      | Killed from afar by an orc priest

Illustrated notes

Levels and vault maps discovered:
D:1:      elethiomel_arrival_quiet, layout_rooms,
          dreamdust_ecumenical_altar_statues, minmay_tromino_v4_b
D:2:      layout_loops_ring, nicolae_concentric_dashed_squares_mild
D:3:      layout_rooms, uniq_jessica
D:4:      layout_basic, uniq_eustachio
D:5:      kennysheep_spiral_hall, layout_cave_pods

Skill      XL: |  1  2  3  4  5  6  7 |
---------------+----------------------+-----
Maces & Flails | 3 4 5 |  5.1
Armour         | 4 |  4.8
Fighting       | 4 |  4.5
Dodging        | 1 |  1.7
Shields        | 4 |  4.3
Stealth        | |  0.2

Action                     |  1- 3 |  4- 6 |  7- 9 || total
---------------------------+-------+-------+-------++-------
  Melee: Flail             |   131 |   198 |    29 ||   358
 Armour: Scale mail        |    85 |    99 |       ||   184
         Chain mail        |       |    54 |    22 ||    76
  Dodge: Dodged            |    84 |   110 |    25 ||   219
  Block: Buckler           |    39 |    61 |     9 ||   109

Table legend: (Time is in decaauts)
 A = Elapsed time spent in this place.
 B = Non-inter-level travel time spent in this place.
 C = Inter-level travel time spent in this place.
 D = Time resting spent in this place.
 E = Time spent auto-exploring this place.
 F = Levels seen in this place.
 G = Mean time per level.
                   A        B        C        D        E       F      G
               +--------+--------+--------+--------+--------+-----+--------+
         Total |   2770 |   2688 |     82 |      0 |   1940 |   5 |  554.0 |
       Dungeon |   2770 |   2688 |     82 |      0 |   1940 |   5 |  554.0 |
               +--------+--------+--------+--------+--------+-----+--------+

Top non-repeatable levels by time:
     D:2: 789 daAuts
     D:3: 663 daAuts
     D:1: 583 daAuts
     D:4: 425 daAuts
     D:5: 309 daAuts
